 Dungeon Crawl Stone Soup version 0.27-a0-1230-gfc7c993222 (webtiles) character file.

Game seed: 1229368101697386782

381 Delamore the Poker (level 7, 0/61 HPs)
             Began as a Formicid Fighter on June 8, 2021.
             Was an Initiate of Ru.
             Succumbed to Sigmund's poison
             ... on level 3 of the Dungeon.
             The game lasted 00:03:58 (3364 turns).

Delamore the Poker (Formicid Fighter)               Turns: 3364, Time: 00:03:58

Health: 0/61       AC:  9    Str: 20 (23) XL:     7   Next: 5%
Magic:  7/7        EV:  5    Int:  4 (7)  God:    Ru [......]
Gold:   38         SH:  9    Dex:  7 (10) Spells: 6/6 levels left

rFire    . . .     SeeInvis +   a - +0 trident
rCold    . . .     Faith    .   c - +0 kite shield
rNeg     . . .     Spirit   .   h - +0 chain mail
rPois    .         Reflect  .   (helmet unavailable)
rElec    .         Harm     .   (no cloak)
rCorr    .         Rampage  .   (no gloves)
Will     .....                  (no boots)
Stlth    ..........             (no amulet)
HPRegen  0.20/turn              (no ring)
MPRegen  0.10/turn              (no ring)

@: mighty, lethally poisoned (0 -> -3)
A: permanent stasis, dig shafts and tunnels, antennae 3, four strong arms,
robust 1, screaming 1
a: Dig, Shaft Self, Renounce Religion, Sacrifice Love, Sacrifice Words,
Sacrifice Durability, Reject Sacrifices


You were on level 3 of the Dungeon.
You worshipped Ru.
Ru was noncommittal.
You visited 1 branch of the dungeon, and saw 3 of its levels.
You also visited: Sewer.

You collected 80 gold pieces.
You spent 42 gold pieces at shops.

Inventory:

Hand Weapons
 a - a +0 trident (weapon)
Missiles
 l - 19 poisoned darts
Armour
 b - a +0 scale mail
 c - a +0 kite shield (worn)
 f - a +0 plate armour
 h - a +0 chain mail (worn)
Jewellery
 i - a ring of magical power
 j - a +6 ring of intelligence
 n - a +6 ring of dexterity
Scrolls
 k - a scroll of magic mapping
Potions
 d - 2 potions of might
 m - a potion of flight


   Skills:
 - Level 5.0 Fighting
 * Level 6.1 Polearms
 - Level 3.2 Armour
 - Level 3.6 Shields


You had 6 spell levels left.
You didn't know any spells.
Your spell library contained the following spells:

 Spells                   Type           Power      Damage    Failure   Level
 Magic Dart               Conj           0%         1d3       100%        1
 Searing Ray              Conj           0%         3d3       100%        2
 Dazzling Flash           Conj/Hex       0%         N/A       100%        3
 Fulminant Prism          Conj/Hex       0%         3d6       100%        4
 Iskenderun's Mystic Bla  Conj/Tloc      0%         2d3       100%        4


Dungeon Overview and Level Annotations

Branches:
Dungeon (3/15)              Sewer (visited)

Altars:
Ru

Shops:
D:3 !


Innate Abilities, Weirdness & Mutations

You cannot be hasted, slowed, berserked, paralysed or teleported.
You can dig through walls and to a lower floor.
You have a pair of large antennae on your head. (SInv)
Your four strong arms can wield two-handed weapons with a shield.
You are robust. (+10% HP)
You occasionally shout uncontrollably at your foes.


Message History

You puncture Sigmund!
Sigmund is heavily wounded.
You feel sick. You block Sigmund's attack.
You barely miss Sigmund.
Sigmund is heavily wounded.
You feel sick. Sigmund gestures at you while chanting.
The magic dart hits you but does no damage.
You closely miss Sigmund.
Sigmund is heavily wounded.
You feel sick. Sigmund closely misses you. Sigmund hits you but does no damage.
You are lethally poisoned!
You impale Sigmund!!
You kill Sigmund!
* * * LOW HITPOINT WARNING * * *
You feel very sick.
Training target 5.0 for Fighting reached!
Your Fighting skill increases to level 5!
Your Polearms skill increases to level 6!
You have reached level 7!
Okay, then.
Okay, then.
Really quaff the potion of mutation?
You feel extremely strange.
Your iridescent scales disappear.
Your thinking seems confused.
You feel the urge to shout.
You feel robust.
* * * LOW HITPOINT WARNING * * *
You feel sick.
* * * LOW HITPOINT WARNING * * *
You feel sick.
Things that are here:
a +4 scythe of venom; a +2 robe of willpower; an orange potion It was a potion of degeneration.
There was something very wrong with that liquid.
You feel weakened.
You feel dopey.
You feel clumsy.
* * * LOW HITPOINT WARNING * * *
You feel sick.
* * * LOW HITPOINT WARNING * * *
You feel sick.
You die...

..##.##.# #.# #.#.#..........#
####.##.###.# #.#.##.#.#####.#
#........# #......#.# #.#
####.##### ###......# #.## #.#
####'### #..## # #.###### ##...##
#...# # #......# ##.....## ##.##
#### ####.#.####.<.....## #..##
...######....##.@........####.#.#
...)...........'.........+...∩...
##.######....###.........####.#..
#.#######.#.####.......## #....
#.##........)...#.....## ###..
#.##.####...###.##...## ##.
##.##.# #...# #.###+## #. ...##.#
##...# #.# #.# #. #####.# #....#
#.# #.# #.


There were no monsters in sight!

Vanquished Creatures
  Sigmund (D:3)
  Purgy (Sewer)
  5 adders
  A worm (D:2)
  An orc (D:3)
  7 ball pythons
  7 endoplasms
  7 giant cockroaches
  4 hobgoblins
  5 jackals (D:3)
  7 kobolds
  4 quokkas
  4 bats
  4 frilled lizards (Sewer)
  3 goblins
  7 rats
68 creatures vanquished.

Vanquished Creatures (collateral kills)
  A rat (D:2)
1 creature vanquished.

Grand Total: 69 creatures vanquished

Notes
Turn   | Place    | Note
-------+----------+-------------------------------------------
     0 | D:1      | Delamore the Formicid Fighter began the quest for the Orb.
     0 | D:1      | Reached XP level 1. HP: 18/18 MP: 1/1
   147 | D:1      | Reached XP level 2. HP: 22/24 MP: 2/2
   753 | D:1      | Reached XP level 3. HP: 30/30 MP: 3/3
   849 | D:1      | Reached skill level 3 in Polearms
  1206 | D:2      | Reached XP level 4. HP: 37/37 MP: 4/4
  1421 | D:2      | Found a faded altar of an unknown god.
  1474 | D:2      | Became a worshipper of Ru the Awakened
  1618 | D:3      | Found a glowing drain.
  1632 | Sewer    | Entered a sewer
  1831 | Sewer    | Noticed Purgy
  1848 | Sewer    | Gained mutation: You possess an exceptional clarity of
                  | mind. [potion of mutation]
  1848 | Sewer    | Gained mutation: You are partially covered in iridescent
                  | scales. (AC +2) [potion of mutation]
  1857 | Sewer    | Killed Purgy
  1858 | Sewer    | Reached skill level 4 in Polearms
  1858 | Sewer    | Reached XP level 5. HP: 4/43 MP: 5/5
  2657 | D:3      | Reached XP level 6. HP: 28/49 MP: 6/6
  2912 | D:3      | Found Isyal's Distillery.
  2920 | D:3      | Reached skill level 5 in Polearms
  2927 | D:3      | Bought a potion of flight for 42 gold pieces
  3191 | D:3      | Noticed Sigmund
  3198 | D:3      | HP: 2/50 [poisoned by Sigmund]
  3359 | D:3      | Killed Sigmund
  3360 | D:3      | Reached skill level 5 in Fighting
  3360 | D:3      | Reached skill level 6 in Polearms
  3360 | D:3      | Reached XP level 7. HP: 6/56 MP: 7/7
  3360 | D:3      | Lost mutation: You are partially covered in iridescent
                  | scales. (AC +2) [potion of mutation]
  3360 | D:3      | Lost mutation: You possess an exceptional clarity of mind.
                  | [potion of mutation]
  3360 | D:3      | Gained mutation: You occasionally shout uncontrollably at
                  | your foes. [potion of mutation]
  3360 | D:3      | Gained mutation: You are robust. (+10% HP) [potion of
                  | mutation]
  3361 | D:3      | HP: 2/61 [poisoned by Sigmund]
  3364 | D:3      | Succumbed to Sigmund's poison

Illustrated notes

Levels and vault maps discovered:
D:1:      dpeg_arrival_rooms_b, layout_loops_cross, serial_bayou_pond_c
D:2:      layout_rooms, shapermc_ecumenical_altar_mp_highgroup
D:3:      layout_loops_corners, gup_sewer_entry_pipe, serial_shops,
          nicolae_shop_crystal, uniq_sigmund

Skill      XL: |  1  2  3  4  5  6 |
---------------+-------------------+-----
Polearms       | 3 4 6 |  6.1
Fighting       | 4 5 |  5.0
Armour         | |  3.2
Shields        | |  3.6

Action                   |  1- 3 |  4- 6 |  7- 9 || total
-------------------------+-------+-------+-------++-------
Melee: Trident           |    98 |   151 |       ||   249
 Abil: Dig               |       |     3 |       ||     3
  Use: Scroll            |     3 |     2 |       ||     5
       Potion            |       |     9 |     2 ||    11
Armor: Scale mail        |    34 |       |       ||    34
       Chain mail        |    14 |    86 |       ||   100
Dodge: Dodged            |    24 |    45 |       ||    69
Block: Kite shield       |    39 |    89 |       ||   128

Table legend: (Time is in decaauts)
 A = Elapsed time spent in this place.
 B = Non-inter-level travel time spent in this place.
 C = Inter-level travel time spent in this place.
 D = Time resting spent in this place.
 E = Time spent auto-exploring this place.
 F = Levels seen in this place.
 G = Mean time per level.
                   A        B        C        D        E       F      G
               +--------+--------+--------+--------+--------+-----+--------+
         Total |   3506 |   3462 |     44 |    656 |   2081 |   4 |  876.5 |
       Dungeon |   2539 |   2495 |     44 |    133 |   1773 |   3 |  846.3 |
         Sewer |    967 |    967 |      0 |    523 |    308 |   1 |  967.0 |
               +--------+--------+--------+--------+--------+-----+--------+

Top non-repeatable levels by time:
   Sewer: 967 daAuts
     D:1: 964 daAuts
     D:3: 879 daAuts
     D:2: 695 daAuts
